AoeStats
← gurudeburdel

MegaRandom

510047542Analyzed
2v2 RM · 1d ago on Sep 29, 2026· 66m 21s· 4 players
Game mode
Random Map
Map size
Medium (4 player)
Population
200
Speed
Normal
Resources
Standard
Victory
Conquest
Starting age
Dark Age
Ending age
Imperial Age
RankedLock teamsTeams togetherTeam positionsShared explorationLock speedFull tech treeHidden civsTurbo modeCheats
Victory
Defeat
🇨🇦 Aztecs · Canada
844
+21
🇦🇺 Mongols · Australia
757
+24
🇦🇷 Berbers · Argentina
1040
-26
🇦🇷 Italians · Argentina
856
-19
SASH9
12:14 Feudal Age
14:52 Gold Mining
14:53 Stone Mining
14:59 Double-Bit Axe
18:17 Castle Age
17:51 Horse Collar
19:12 Wheelbarrow
21:20 Wheelbarrow
30:56 Heavy Plow
34:14 Gold Shaft Mining
33:57 Bow Saw
34:34 Elite Skirmisher
35:16 Fletching
35:26 Padded Archer Armor
36:03 Bodkin Arrow
37:49 Ballistics
38:04 Leather Archer Armor
43:08 Imperial Age
40:56 Hand Cart
40:28 Loom
40:28 Town Watch
44:52 Chemistry
43:59 Atlatl
44:20 Conscription
45:57 Bracer
57:42 Forging
57:32 Scale Mail Armor
56:58 Elite Jaguar Warrior
57:59 Garland Wars
63:19 Siege Engineers
62:55 Treadmill Crane
Madsniperbra
0:30 Loom
13:03 Feudal Age
15:39 Double-Bit Axe
16:31 Wheelbarrow
18:49 Town Watch
19:51 Fletching
25:38 Castle Age
24:56 Forging
24:52 Scale Barding Armor
25:02 Bloodlines
27:07 Iron Casting
26:52 Chain Barding Armor
28:42 Husbandry
33:44 Bodkin Arrow
33:53 Murder Holes
35:23 Horse Collar
38:10 Bow Saw
39:03 Hand Cart
40:29 Fishing Lines
41:06 Padded Archer Armor
42:56 Thumb Ring
47:45 Guard Tower
50:46 Fervor
55:32 Gillnets
63:51 Imperial Age
61:36 Gold Mining
65:54 Chemistry
65:17 Town Patrol
65:24 Bracer
66:36 Parthian Tactics
ramiroale91
6:42 Loom
11:42 Feudal Age
14:22 Double-Bit Axe
18:38 Castle Age
19:18 Gold Mining
23:48 Fletching
23:59 Padded Archer Armor
35:48 Imperial Age
36:11 Leather Archer Armor
35:53 Bodkin Arrow
36:23 Ballistics
42:32 Conscription
42:48 Bow Saw
50:42 Bloodlines
50:38 Husbandry
52:35 Cavalier
65:53 Scale Barding Armor
65:59 Forging
65:26 Light Cavalry
gurudeburdel
9:17 Feudal Age
7:35 Loom
13:34 Double-Bit Axe
14:27 Forging
22:09 Castle Age
20:48 Wheelbarrow
19:59 Town Watch
19:57 Horse Collar
20:47 Fletching
20:58 Padded Archer Armor
23:01 Crossbowman
26:14 Bodkin Arrow
26:35 Leather Archer Armor
29:20 Thumb Ring
32:39 Ballistics
44:12 Imperial Age
51:26 Hand Cart
51:12 Town Patrol
57:49 Chemistry
56:46 Murder Holes
57:27 Bracer
57:57 Ring Archer Armor
58:16 Light Cavalry
59:07 Bloodlines
58:57 Husbandry
59:14 Hussar
64:15 Cavalier
Connection lost

Rejoining the realm…

Still unreachable

The connection could not be restored.

Session expired

The server has moved on; the page needs a fresh start.